AoeStats
← 彬彬有礼

Arena

510059488Analyzed
3v3 RM · 1d ago on Sep 29, 2026· 38m 32s· 6 players
Game mode
Random Map
Map size
Normal (6 player)
Population
200
Speed
Normal
Resources
Standard
Victory
Conquest
Starting age
Dark Age
Ending age
Imperial Age
RankedLock teamsTeams togetherTeam positionsShared explorationLock speedFull tech treeHidden civsTurbo modeCheats
Victory
Defeat
🇨🇳 Cumans · China
1224
+4
🇨🇳 Britons · China
778
+19
🇨🇳 Danes · China
726
+21
🇭🇰 Persians · Hong Kong SAR China
892
-16
🇨🇳 Lithuanians · China
867
-14
🇨🇳 Franks · China
867
-14
BALALAS
9:36 Feudal Age
15:33 Castle Age
13:56 Double-Bit Axe
18:44 Wheelbarrow
19:25 Loom
20:28 Stone Mining
24:28 Bow Saw
24:00 Horse Collar
26:21 Heavy Plow
31:14 Imperial Age
28:44 Fletching
28:55 Padded Archer Armor
29:01 Crossbowman
30:37 Hand Cart
32:33 Yeomen
32:16 Gold Mining
32:06 Pikeman
32:47 Squires
32:45 Bodkin Arrow
32:49 Arbalester
33:32 Bracer
33:48 Leather Archer Armor
34:40 Conscription
35:15 Ballistics
35:56 Chemistry
35:00 Man-at-Arms
37:35 Halberdier
38:24 Warwolf
38:58 Block Printing
83716497273
10:23 Feudal Age
14:23 Castle Age
12:31 Double-Bit Axe
12:40 Horse Collar
15:29 Bow Saw
20:41 Loom
25:50 Wheelbarrow
27:19 Hand Cart
32:56 Imperial Age
31:16 Heavy Plow
33:06 Elite Varangian Guard
34:35 Scale Mail Armor
34:46 Forging
34:33 Gambesons
34:48 Squires
34:33 Arson
36:30 Chain Mail Armor
36:50 Iron Casting
35:46 Capped Ram
36:40 Siege Ram
37:33 Siege Engineers
37:40 Gold Mining
38:02 Town Watch
39:07 Gold Shaft Mining
(o^^o)
7:13 Loom
9:39 Feudal Age
11:15 Wheelbarrow
10:31 Horse Collar
10:53 Double-Bit Axe
19:41 Forging
21:46 Castle Age
19:41 Gold Mining
20:58 Scale Barding Armor
21:20 Stone Mining
22:44 Heavy Plow
23:43 Gold Shaft Mining
23:36 Bow Saw
23:38 Bloodlines
24:05 Iron Casting
23:51 Chain Barding Armor
25:51 Hand Cart
32:49 Imperial Age
34:49 Blast Furnace
34:24 Plate Barding Armor
33:28 Elite Steppe Lancer
36:18 Ballistics
36:08 Masonry
37:22 Two-Man Saw
36:54 Crop Rotation
37:50 Conscription
39:02 Chemistry
37:54 Fletching
38:04 Padded Archer Armor
38:45 Steppe Husbandry
38:49 Cuman Mercenaries
39:27 Hoardings
38:13 Elite Kipchak
彬彬有礼
0:49 Loom
13:56 Feudal Age
15:02 Man-at-Arms
17:49 Castle Age
18:34 Wheelbarrow
17:53 Double-Bit Axe
34:07 Imperial Age
32:15 Wheelbarrow
33:19 Wheelbarrow
37:17 Chivalry
旺旺
10:41 Feudal Age
11:23 Double-Bit Axe
18:16 Castle Age
16:31 Arson
17:21 Stone Mining
17:51 Horse Collar
18:16 Scale Mail Armor
18:26 Gold Mining
19:14 Bow Saw
27:40 Imperial Age
26:01 Wheelbarrow
28:58 Two-Man Saw
28:02 Heavy Plow
29:20 Hand Cart
30:23 Crop Rotation
31:17 Husbandry
31:27 Bloodlines
31:52 Squires
31:13 Pikeman
33:06 Chain Mail Armor
33:02 Forging
32:58 Scale Barding Armor
32:49 Halberdier
35:53 Iron Casting
35:48 Plate Mail Armor
35:37 Cavalier
37:10 Savar
39:10 Blast Furnace
38:31 Chain Barding Armor
Ming
0:28 Loom
10:38 Feudal Age
18:28 Castle Age
17:04 Double-Bit Axe
17:01 Horse Collar
17:17 Gold Mining
20:44 Stone Mining
28:57 Imperial Age
27:40 Bow Saw
27:32 Heavy Plow
28:33 Stone Shaft Mining
29:13 Wheelbarrow
30:26 Scale Barding Armor
31:13 Forging
31:28 Conscription
34:12 Hand Cart
35:54 Iron Casting
35:40 Chain Barding Armor
Connection lost

Rejoining the realm…

Still unreachable

The connection could not be restored.

Session expired

The server has moved on; the page needs a fresh start.